 Dungeon Crawl Stone Soup version 0.18-a0-987-g0b0e4e7 (webtiles) character file.

123 tof the Insei (level 4, -6/36 HPs)
             Began as a Demonspawn Monk on Jan 3, 2016.
             Was a Believer of Yredelemnul.
             Mangled by Menkaure (11 damage)
             ... on level 4 of the Dungeon.
             The game lasted 00:09:17 (4137 turns).

tof the Insei (Demonspawn Monk)                     Turns: 4137, Time: 00:09:17

Health: -6/36      AC:  8    Str: 12    XL:     4   Next: 79%
Magic:  4/4        EV: 10    Int: 11    God:    Yredelemnul [**....]
Gold:   199        SH:  0    Dex: 16    Spells: 0 memorised, 3 levels left

rFire  + . .     SeeInvis .     a - +1 dagger
rCold  . . .     Gourm    .     j - +0 scale mail (curse)
rNeg   . . .     Faith    .     (no shield)
rPois  .         Spirit   .     (no helmet)
rElec  .         Dismiss  .     (no cloak)
rCorr  .         Reflect  .     (no gloves)
SustAt .         Harm     .     (no boots)
MR     .....                    (no amulet)
Stlth  +.........               (no ring)
                                (no ring)

@: not resistant to hostile enchantments, very unstealthy
A: yellow scales 1, fire resistance 1
a: Animate Remains, Recall Undead Slaves, Injury Mirror, Renounce Religion


You were on level 4 of the Dungeon.
You worshipped Yredelemnul.
Yredelemnul was pleased with you.
You were hungry.

You visited 1 branch of the dungeon, and saw 4 of its levels.

You collected 199 gold pieces.

Inventory:

Hand Weapons
 a - a +1 dagger (weapon)
 b - a +0 blowgun
Missiles
 c - 22 poisoned needles
 f - 22 bolts of penetration
 i - 28 arrows of frost
Armour
 e - a +0 robe
 j - a cursed +0 scale mail (worn)
Wands
 n - a wand of disintegration (11/24)
Scrolls
 g - a scroll of identify
 h - a scroll of magic mapping
 l - a scroll of teleportation {unknown}
Potions
 m - a potion of berserk rage {unknown}
 p - a potion of curing {unknown}
Comestibles
 d - 2 bread rations
 k - 3 fruits
 o - a beef jerky
 q - a chunk of flesh


   Skills:
 + Level 3.6 Fighting
 * Level 1.0 Short Blades
 * Level 1.2 Throwing
 + Level 0.8 Armour
 + Level 3.3 Dodging
 * Level 2.4 Stealth
 + Level 3.9 Unarmed Combat


You had 3 spell levels left.
You didn't know any spells.

Dungeon Overview and Level Annotations

Branches:
Dungeon (4/15)
 Temple: D:4-7

Altars:
Sif Muna
Yredelemnul

Annotations:
D:3 Grinder
D:4 Menkaure


Innate Abilities, Weirdness & Mutations

You are partially covered in yellow scales (AC +2).
Your flesh is heat resistant.


Message History

Found 9 gold pieces.
You see here a scroll of identify.
You are feeling hungry.
You see here 9 gold pieces.
Menkaure calls on the powers of darkness!
You feel a surge of unholy energy.
Found a war axe.
Found a stone staircase leading up.
Menkaure barely misses you.
There is a stone staircase leading up here.
Menkaure barely misses you.
You climb upwards.
Level annotation: Grinder
There is a stone staircase leading down here.
Menkaure barely misses you.
You climb downwards.
There is a stone staircase leading up here.
You see here a war axe.
Menkaure hits you!
You die...
Your body rises from the dead as a mindless zombie.

#.....?###..(...####..#
...####.###.....##.....#
#$.######......... ##.#
#.รท##.#.#.#
#.#####.......#.##
#...##...#..###...
###.##.....## #.##
#.......#...###.##
##@###.#.###.##..## #.M#
#(..###....### #<##
##..#.......# #.#
#....#####.# #.#
#.##.#####.## #.# #.
##....##... ..#
#..##M.#### ###
#.####.##.. ... #.....


You could see Menkaure.

Vanquished Creatures
  4 adders
  4 worms (D:2)
  3 giant geckos
  2 orcs (D:3)
  6 giant cockroaches
  A goblin (D:1)
  8 hobgoblins
  8 jackals
  3 quokkas
  2 ball pythons
  7 bats
  2 giant newts (D:1)
  10 kobolds
  7 rats
  A fungus (D:1)
68 creatures vanquished.

Vanquished Creatures (collateral kills)
  A goblin (D:3)
1 creature vanquished.

Vanquished Creatures (others)
  An adder zombie (D:3)
1 creature vanquished.

Grand Total: 70 creatures vanquished

Notes
Turn   | Place    | Note
--------------------------------------------------------------
     0 | D:1      | tof the Demonspawn Monk began the quest for the Orb.
     0 | D:1      | Reached XP level 1. HP: 18/18 MP: 1/1
   148 | D:1      | Gained mutation: Your flesh is heat resistant. [demonic ancestry]
   148 | D:1      | Reached XP level 2. HP: 9/24 MP: 2/2
  1441 | D:2      | Reached XP level 3. HP: 12/29 MP: 3/3
  2616 | D:2      | Gained mutation: You are partially covered in yellow scales (AC +2). [demonic ancestry]
  2616 | D:2      | Reached XP level 4. HP: 33/36 MP: 4/4
  2652 | D:2      | Found a basalt altar of Yredelemnul.
  2652 | D:2      | Found a deep blue altar of Sif Muna.
  2662 | D:2      | Became a worshipper of Yredelemnul the Dark
  2662 | D:2      | Reached * piety under Yredelemnul
  2662 | D:2      | Reached ** piety under Yredelemnul
  3156 | D:3      | Noticed Grinder
  3870 | D:3      | Reached skill level 1 in Throwing
  3925 | D:3      | Reached skill level 1 in Short Blades
  4066 | D:4      | Noticed Menkaure
  4109 | D:4      | HP: 1/36 [Menkaure/nerve-wracking pain (5)]
  4137 | D:4      | Mangled by Menkaure

Vault maps used:
D:1:      dpeg_arrival_tiny_d, minmay_misc_feat_cross, minmay_gold_behind_fungi,
          minmay_misc_feat_doors
D:2:      gammafunk_temple_overflow_wave
D:3:      uniq_grinder
D:4:      first_bread, grunt_ministairs_14, uniq_menkaure

Action                   |  1- 3 |  4- 6 || total
-------------------------+-------+-------++-------
Melee: Unarmed           |    22 |       ||    22
       Dagger            |   259 |    52 ||   311
 Fire: Blowgun           |       |    75 ||    75
Invok: Animate Remains   |       |     1 ||     1
  Use: Scroll            |     3 |       ||     3
 Stab: Sleeping          |     6 |       ||     6
       Distracted        |       |     2 ||     2
  Eat: Chunk             |     6 |     4 ||    10
